 Dungeon Crawl Stone Soup version 0.30.0-17-ge0270778cf (webtiles) character file.

Game seed: 16615188397374151066

189336 Melum the Tortoise (level 17, -3/160 HPs)
             Began as an Armataur Monk on May 16, 2023.
             Was the Champion of Nemelex Xobeh.
             Killed from afar by an ironbound thunderhulk (45 damage)
             ... with a bolt of lightning
             ... on level 2 of the Vaults on May 22, 2023.
             The game lasted 02:49:12 (28116 turns).

Melum the Tortoise (Armataur Monk)                 Turns: 28116, Time: 02:49:13

Health: -3/160     AC: 34    Str: 37    XL:     17   Next: 50%
Magic:  28/28      EV:  5    Int:  9    God:    Nemelex Xobeh [******]
Gold:   2493       SH: 15    Dex: 13    Spells: 13/16 levels left

rFire   + . .        a - +0 whip (elec)
rCold   + . .        O - +2 kite shield
rNeg    + . .        U - +4 plate armour of Roatuck {rPois rC+ Dex+3}
rPois   +            H - +2 hat of the Evening Star {Str+8 Int-3 Slay+2}
rElec   .            m - +2 cloak of Gravitas {rPois rN+ Regen+ Dex-3}
rCorr   .            e - +0 pair of gloves
SInv    .            S - +2 barding {Stlth+}
Will    +....        x - amulet of regeneration Stlth
                     k - ring of protection from fire
HPRegen 2.06/turn    L - +6 ring of strength
MPRegen 0.21/turn

%: roll
@: marked, elixired
A: large, rugged brown scales 3, deformed body, armoured tail, roll, long
tongue, awkward tongue
}: 1/15 runes: decaying
a: Renounce Religion, Draw Escape, Draw Destruction, Draw Summoning, Triple
Draw, Deal Four, Stack Five


You were on level 2 of the Vaults.
You worshipped Nemelex Xobeh.
Nemelex Xobeh was exalted by your worship.
You visited 6 branches of the dungeon, and saw 29 of its levels.
You also visited: Sewer and Ice Cave.

You collected 3007 gold pieces.
You spent 514 gold pieces at shops.

Inventory:

Hand Weapons
 a - a +0 whip of electrocution (weapon)
 b - a +1 flail of holy wrath
Missiles
 I - 4 throwing nets (quivered)
Armour
 e - a +0 pair of gloves (worn)
 f - an orb of mayhem
 m - the +2 cloak of Gravitas (worn) {rPois rN+ Regen+ Dex-3}
   (You bought it in a shop on level 2 of the Orcish Mines)

   Dex:       It affects your dexterity (-3).
   rPois:     It protects you from poison.
   rN:        It protects you from negative energy.
   Regen:     It increases your rate of health regeneration.
 A - a +0 crystal plate armour of cold resistance
 H - the +2 hat of the Evening Star (worn) {Str+8 Int-3 Slay+2}
   (You found it on level 1 of the Lair of Beasts)

   Str:       It affects your strength (+8).
   Int:       It affects your intelligence (-3).
   Slay:      It affects your accuracy & damage with ranged weapons and melee
   (+2).
 N - +0 acid dragon scales
 O - a +2 kite shield (worn)
 S - a +2 barding of stealth (worn)
 U - the +4 plate armour of Roatuck (worn) {rPois rC+ Dex+3}
   (You found it on level 5 of the Lair of Beasts)

   Dex:       It affects your dexterity (+3).
   rC:        It protects you from cold.
   rPois:     It protects you from poison.
Jewellery
 k - a ring of protection from fire (left hand)
 x - an amulet of regeneration (around neck)
 C - a ring of see invisible
 L - a +6 ring of strength (right hand)
Wands
 o - a wand of acid (31)
 u - a wand of flame (77)
 B - a wand of roots (41)
 T - a wand of paralysis (9)
 Z - a wand of mindburst (12)
Scrolls
 j - 7 scrolls of vulnerability {unknown}
 n - 22 scrolls of teleportation
 s - a scroll of magic mapping
 v - 4 scrolls of enchant armour
 y - 12 scrolls of enchant weapon {unknown}
 D - 8 scrolls of blinking
 F - 8 scrolls of fog {unknown}
 G - 2 scrolls of brand weapon
 J - 7 scrolls of poison
 P - a scroll of silence
 V - 5 scrolls of immolation {unknown}
 W - 6 scrolls of fear
Potions
 c - 2 potions of ambrosia
 g - 7 potions of curing
 i - 6 potions of haste
 l - 2 potions of cancellation
 p - 2 potions of lignification
 q - 9 potions of mutation
 r - 8 potions of flight
 t - 3 potions of resistance
 w - 4 potions of heal wounds
 z - 7 potions of might
 E - 5 potions of magic
 K - 7 potions of attraction
 X - a potion of invisibility
Miscellaneous
 d - a phantom mirror
 h - a phial of floods
 M - a lightning rod (4/4)
 Q - a condenser vane (inert)
 R - a piece from Xom's chessboard (15/15)
 Y - a box of beasts


   Skills:
 + Level 13.2 Fighting
 - Level 14.0 Maces & Flails
 - Level 15.0 Armour
 - Level 2.1 Dodging
 - Level 15.0 Shields
 - Level 15.0 Invocations
 - Level 10.0 Evocations


You had 13 spell levels left.
You knew the following spells:

 Your Spells              Type           Power      Damage    Failure   Level
a - Passwall              Tmut/Erth      0%         N/A       97%         2
b - Apportation           Tloc           0%         N/A       91%         1

Your spell library contained the following spells:

 Spells                   Type           Power      Damage    Failure   Level
 Sandblast                Erth           0%         2d4       91%         1
 Ensorcelled Hibernation  Hex/Ice        0%         N/A       97%         2
 Lesser Beckoning         Tloc           0%         N/A       97%         2
 Gell's Gravitas          Tloc           0%         N/A       100%        3
 Stone Arrow              Conj/Erth      0%         3d7       100%        3
 Swiftness                Air            0%         N/A       100%        3
 Teleport Other           Tloc           0%         N/A       100%        3
 Vhi's Electric Charge    Tloc/Air       0%         N/A       100%        3
 Summon Ice Beast         Ice/Summ       0%         N/A       100%        4
 Alistair's Intoxication  Tmut/Pois      0%         N/A       100%        5
 Arcjolt                  Conj/Air       0%         1d10      100%        5
 Blade Hands              Tmut           0%         N/A       100%        5
 Irradiate                Conj/Tmut      0%         3d11      100%        5
 Summon Mana Viper        Hex/Summ       0%         N/A       100%        5
 Plasma Beam              Fire/Air       0%         2x1d11    100%        6
 Simulacrum               Ice/Necr       0%         N/A       100%        6
 Dragon Form              Tmut           0%         N/A       100%        7
 Monstrous Menagerie      Summ           0%         N/A       100%        7
 Ozocubu's Refrigeration  Ice            0%         4d7       100%        7
 Maxwell's Capacitive Co  Air            0%         ∞         100%        8
 Polar Vortex             Ice            0%         N/A       100%        9


Dungeon Overview and Level Annotations

Branches:
Dungeon (15/15)            Temple (1/1) D:6            Lair (5/5) D:11
  Swamp (4/4) Lair:3       Spider (0/4) Lair:3        Slime (0/5) Lair:4
    Orc (2/2) D:10            Elf (0/3) Orc:2        Vaults (2/5) D:14
 Depths (0/4) D:15          Sewer (visited)           IceCv (visited)
  Crypt: Vaults:2-3

Altars:
Ashenzari
Cheibriados
Dithmenos
Elyvilon
Fedhas
Gozag
Hepliaklqana
Kikubaaqudgha
Makhleb
Nemelex Xobeh
Okawaru
Qazlal
Ru
Sif Muna
Trog
Uskayaw
Vehumet
Wu Jian
Xom
Yredelemnul
Zin
The Shining One
Jiyva

Shops:
D:8 :   Orc:2 *:[(   Vaults:1 *


Innate Abilities, Weirdness & Mutations

You are completely covered in rugged brown scales. (AC +3, +7% HP)
Armour fits poorly on your strangely shaped body.
You have a long armoured tail.
You roll when moving toward enemies. (Rampage)
Your long tongue fully drains potion bottles. (2x potion effects)
Your tongue gives you trouble enunciating. (1.5x scroll delay)


Message History

You draw... (choose one card, ? for their descriptions)
a - the Tomb
b - the Elixir
c - the Cloud You have drawn the Elixir.
You begin rapidly regenerating health and magic.
Your centaur warrior barely misses the vault warden.
Your centaur warrior kicks the vault warden but does no damage.
Your centaur warrior hits the deep troll.
Your centaur warrior kicks the deep troll.
The ironbound thunderhulk hits you but does no damage.
The deep troll is engulfed in freezing vapours.
The vault warden is engulfed in freezing vapours.
The vault warden hits your centaur warrior with a +0 long sword!
The ironbound thunderhulk is engulfed in freezing vapours.
The boggart casts a spell.
The deep troll bites you!!
* * * LOW HITPOINT WARNING * * *
The deep troll claws you!!
* * * LOW HITPOINT WARNING * * *
You block the deep troll's attack.
Your centaur warrior hits the vault warden.
Your centaur warrior completely misses the vault warden.
Your centaur warrior closely misses the deep troll.
Your centaur warrior kicks the deep troll but does no damage.
You feel better.
You slurp down every last drop of the potion of curing!
Your centaur warrior hits the vault warden but does no damage.
Your centaur warrior barely misses the vault warden.
Your centaur warrior barely misses the deep troll.
Your centaur warrior kicks the deep troll.
The deep troll is engulfed in freezing vapours.
You block the ironbound thunderhulk's attack.
The vault warden is engulfed in freezing vapours.
The vault warden hits your centaur warrior with a +0 long sword!!!
The ironbound thunderhulk is engulfed in freezing vapours.
Electricity crackles from the ironbound thunderhulk's apparatus.
The bolt of lightning hits you!!!
You die...
Your body glows with a rainbow of weird colours and disappears.

########
#......#
#......# #
#..<...# p.
#......# T..
#......# .#..
#......# ...p
#......#
...#B.#@O....#
#.§§gTTpc§...#
..§pOT#c§....#
..############


You could see a vault warden (distracted, corroded, ally target), 2 ironbound
thunderhulks, 3 deep trolls, a vault sentinel (summoned), a boggart and 2
friendly centaur warriors.

Vanquished Creatures
  Mara (Swamp:4)
  Mlioglotl (Swamp:2)
  Gastronok (D:10)
  Kirke (Lair:4)
  Donald (Swamp:2)
  3 fenstrider witches
  Aizul (Swamp:4)
  3 orc warlords
  A vault warden (Vaults:1)
  4 ironbound preservers
  4 ironbound thunderhulks (Vaults:1)
  Nessos (Lair:4)
  5 eleionomae
  5 bunyips
  4 ettins
  Azrael (Orc:2)
  2 fire dragons
  2 shambling mangroves (Swamp:4)
  A yaktaur captain (Vaults:1)
  7 vault guards
  14 hydras
  A spriggan air mage (Swamp:4)
  An ogre mage (D:15)
  2 ghost crabs
  3 ironbound frosthearts
  2 catoblepae
  3 two-headed ogres
  6 death yaks
  A radroach (Swamp:1)
  A centaur warrior (D:13)
  5 alligators
  7 boulder beetles
  2 tengu warriors (D:15)
  2 spriggan berserkers
  7 orc high priests
  8 skeletal warriors
  2 spriggan druids (Swamp:2)
  2 death drakes
  2 goliath frogs
  7 bog bodies
  11 swamp dragons
  An ironbound convoker (Vaults:2)
  5 orc knights
  3 wizards
  2 necromancers
  3 ugly things
  3 will-o-the-wisps
  5 cyclopes
  4 orc sorcerers
  2 oklob plants
  A wolf spider (Lair:3)
  4 manticores
  4 vault sentinels
  An ice statue (IceCv)
  12 elephants
  A cane toad (shapeshifter) (D:15)
  A torpor snail (Lair:5)
  5 black mambas
  A kobold demonologist (D:12)
  11 rime drakes
  11 cane toads
  5 yaktaurs
  9 komodo dragons
  An efreet (D:13)
  8 tyrant leeches
  11 polar bears
  11 trolls
  7 blink frogs
  A hornet (shapeshifter) (D:14)
  Grinder (D:4)
  10 hornets
  4 dream sheep (Lair:5)
  A culicivora (shapeshifter) (D:15)
  18 slime creatures
  2 shadows
  8 spriggans
  A centaur simulacrum (D:14)
  6 wyverns
  Eustachio (D:6)
  18 humans (D:14)
  A golden eye (Orc:2)
  66 yaks
  7 hogs
  4 basilisks
  A fire elemental (Orc:2)
  11 steam dragons
  8 vampire mosquitoes
  A naga (Lair:4)
  2 wargs
  7 swamp worms
  Edmund (D:6)
  14 water moccasins
  2 hell hounds (Orc:2)
  7 acid dragons
  2 ice beasts (D:6)
  35 orc warriors
  12 swamp drakes
  9 ogres
  31 wolves
  3 centaurs
  A phantom (D:4)
  3 kobold brigands
  16 bullfrogs
  5 scorpions
  2 gnoll sergeants
  7 wights
  18 killer bees
  2 electric eels (Swamp:4)
  5 howler monkeys
  3 jellies
  22 orc priests
  2 hounds
  Crazy Yiuf (D:4)
  A sleepcap (D:5)
  6 iguanas
  19 orc wizards
  11 gnolls
  8 adders
  3 river rats (Sewer)
  12 white imps (D:12)
  2 worms
  3 dart slugs
  69 orcs
  9 bats
  9 endoplasms
  7 giant cockroaches
  6 goblins
  4 hobgoblins
  8 jackals
  10 quokkas
  12 ball pythons
  3 frilled lizards
  26 kobolds
  6 rats
  2 butterflies (D:5)
888 creatures vanquished.

Vanquished Creatures (collateral kills)
  An azure jelly (Swamp:3)
  The ghost of avis the Executioner, a journeyman HOMo of Beogh (Swamp:2)
  An eleionoma (Swamp:3)
  A bunyip (Swamp:4)
  A hydra (Swamp:4)
  A death yak (Lair:4)
  3 bog bodies (Swamp:4)
  A swamp dragon (Swamp:3)
  An orc sorcerer (Orc:1)
  An elephant (Lair:4)
  2 fire elementals (Orc:2)
  2 wargs (Orc:1)
  A hell hound (Orc:2)
  A swamp drake (Swamp:4)
  5 orc warriors
  2 orc priests (Orc:1)
  An orc wizard (Orc:1)
  13 orcs
39 creatures vanquished.

Vanquished Creatures (others)
  A spriggan berserker (Swamp:4)
  A wizard (Vaults:1)
  A bloated husk (Swamp:2)
  A swamp worm (Swamp:2)
  A hound (Orc:2)
  20 foxfires
25 creatures vanquished.

Grand Total: 952 creatures vanquished

Notes
Turn   | Place    | Note
-------+----------+-------------------------------------------
     0 | D:1      | Melum the Armataur Monk began the quest for the Orb.
     0 | D:1      | Reached XP level 1. HP: 19/19 MP: 1/1
    30 | D:1      | Reached XP level 2. HP: 13/26 MP: 2/2
   447 | D:1      | Reached XP level 3. HP: 32/32 MP: 3/3
  1374 | D:2      | Reached XP level 4. HP: 39/39 MP: 4/4
  1594 | D:2      | Found a faded altar of an unknown god.
  1760 | D:3      | Found a radiant altar of Vehumet.
  1828 | D:3      | Reached skill level 5 in Maces & Flails
  1917 | D:3      | Reached XP level 5. HP: 42/44 MP: 5/5
  2003 | D:3      | Found a sparkling altar of Nemelex Xobeh.
  2571 | D:4      | Found an ancient bone altar of Kikubaaqudgha.
  2640 | D:4      | Reached XP level 6. HP: 41/53 MP: 6/6
  2779 | D:4      | Noticed Grinder
  2792 | D:4      | Killed Grinder
  2934 | D:4      | Found a shadowy altar of Dithmenos.
  3229 | D:4      | Found a runed translucent door.
  3230 | D:4      | Noticed Crazy Yiuf
  3238 | D:4      | Killed Crazy Yiuf
  3239 | D:4      | Reached XP level 7. HP: 25/59 MP: 7/7
  3316 | D:5      | Entered Level 5 of the Dungeon
  3330 | D:5      | Found a shimmering altar of Xom.
  3428 | D:5      | HP: 2/59 [sleepcap (9)]
  4044 | D:5      | Reached XP level 8. HP: 71/71 MP: 8/8
  4290 | D:6      | Found a shimmering blue altar of Sif Muna.
  4319 | D:6      | Found a staircase to the Ecumenical Temple.
  4319 | D:6      | Noticed Edmund
  4353 | D:6      | Killed Edmund
  4354 | D:6      | Reached skill level 5 in Fighting
  4536 | D:6      | Noticed Eustachio
  4559 | D:6      | Killed Eustachio
  4591 | D:6      | Found a glowing drain.
  4610 | Sewer    | Entered a sewer
  5348 | Temple   | Entered the Ecumenical Temple
  5684 | D:3      | Became a worshipper of Nemelex Xobeh the Trickster
  5684 | D:3      | Reached * piety under Nemelex Xobeh
  5684 | D:3      | Received a gift from Nemelex Xobeh
  5684 | D:3      | Reached ** piety under Nemelex Xobeh
  6269 | D:7      | Reached XP level 9. HP: 52/86 MP: 9/9
  6470 | D:7      | Received a gift from Nemelex Xobeh
  7144 | D:8      | Reached skill level 10 in Fighting
  7216 | D:8      | HP: 2/79 [wight/+5 halberd of freezing (2)]
  7554 | D:8      | Found Zin's Purification Station.
  7557 | D:8      | Found a glowing silver altar of Zin.
  7562 | D:8      | Bought a potion of curing for 90 gold pieces
  7683 | D:8      | Found Exaja's Book Shop.
  8057 | D:9      | Noticed a troll
  8068 | D:9      | Killed a troll
  8069 | D:9      | Reached XP level 10. HP: 70/99 MP: 10/10
  8392 | D:9      | Reached skill level 10 in Maces & Flails
  8439 | D:9      | Reached *** piety under Nemelex Xobeh
  8449 | D:9      | Learned a level 2 spell: Passwall
  9050 | D:10     | Entered Level 10 of the Dungeon
  9104 | D:10     | Found a bloodstained altar of Trog.
  9170 | D:10     | Received a gift from Nemelex Xobeh
  9373 | D:10     | Identified the +9 short sword of Ryaff {vamp, rF+ SInv}
  9378 | D:10     | Found a hazy altar of Hepliaklqana.
  9610 | D:10     | Noticed Erica
  9612 | D:10     | Noticed Sonja
  9619 | D:10     | Sonja changed into Sonja the hog
  9619 | D:10     | Noticed Sonja
  9619 | D:10     | Noticed Erica
  9622 | D:10     | Killed Sonja the hog
  9632 | D:10     | Killed Erica the elephant
  9760 | D:10     | Found a staircase to the Orcish Mines.
  9763 | D:10     | Noticed Gastronok
  9790 | D:10     | Killed Gastronok
 10167 | D:11     | Received a gift from Nemelex Xobeh
 10180 | D:11     | Reached XP level 11. HP: 71/105 MP: 14/14
 10193 | D:11     | Reached skill level 5 in Invocations
 10290 | D:11     | Noticed a boulder beetle
 10328 | D:11     | Killed a boulder beetle
 10443 | D:11     | Reached **** piety under Nemelex Xobeh
 10623 | D:11     | Found a staircase to the Lair.
 10887 | Lair:1   | Entered Level 1 of the Lair of Beasts
 10887 | Lair:1   | Received a gift from Nemelex Xobeh
 11110 | Lair:1   | Identified the +2 hat of the Evening Star {Str+8 Int-3
                  | Slay+2}
 11292 | Lair:1   | Received a gift from Nemelex Xobeh
 11384 | Lair:1   | Reached skill level 10 in Invocations
 11426 | Lair:1   | Reached skill level 1 in Armour
 11514 | Lair:1   | Identified the +6 ring mail "Wetum" {+Inv rPois Will+
                  | Int+3}
 11598 | Lair:1   | Received a gift from Nemelex Xobeh
 12074 | Lair:2   | Noticed a catoblepas
 12088 | Lair:2   | Killed a catoblepas
 12109 | Lair:2   | Noticed an oklob plant
 12135 | Lair:2   | Killed an oklob plant
 12136 | Lair:2   | Reached skill level 5 in Armour
 12178 | Lair:2   | Reached XP level 12. HP: 78/95 MP: 19/19
 12301 | Lair:2   | Learned a level 1 spell: Apportation
 12324 | Lair:2   | Reached ***** piety under Nemelex Xobeh
 12420 | Lair:2   | Noticed a seven-headed hydra
 12445 | Lair:2   | Killed a seven-headed hydra
 12641 | Lair:2   | Received a gift from Nemelex Xobeh
 12980 | Lair:2   | Noticed Harold
 12982 | Lair:2   | Harold changed into Harold the death drake
 12982 | Lair:2   | Noticed Harold
 12991 | Lair:2   | Killed Harold the death drake
 12992 | Lair:2   | Reached skill level 10 in Armour
 12992 | Lair:2   | Reached skill level 1 in Shields
 13342 | Lair:3   | Received a gift from Nemelex Xobeh
 13389 | Lair:3   | Reached skill level 5 in Shields
 13544 | Lair:3   | Found a hole to the Spider Nest.
 13579 | Lair:3   | Found a staircase to the Swamp.
 13847 | Lair:3   | Received a gift from Nemelex Xobeh
 14057 | Lair:3   | Identified the +7 chain mail "Fassazid" {rN+ SInv}
 14343 | Lair:4   | Noticed Nessos
 14357 | Lair:4   | Killed Nessos
 14358 | Lair:4   | Reached XP level 13. HP: 61/120 MP: 20/20
 14525 | Lair:4   | Received a gift from Nemelex Xobeh
 14568 | Lair:4   | Found a staircase to the Slime Pits.
 14569 | Lair:4   | Found a viscous altar of Jiyva.
 14607 | Lair:4   | Reached skill level 10 in Shields
 14691 | Lair:4   | Reached skill level 1 in Evocations
 15016 | Lair:4   | Noticed Kirke
 15027 | Lair:4   | Reached skill level 5 in Evocations
 15027 | Lair:4   | Killed Kirke
 15387 | Lair:5   | Entered Level 5 of the Lair of Beasts
 15511 | Lair:5   | Received a gift from Nemelex Xobeh
 15992 | Lair:5   | Received a gift from Nemelex Xobeh
 16012 | Lair:5   | Identified the +4 plate armour of Roatuck {rPois rC+ Dex+3}
 16051 | Lair:5   | Reached skill level 10 in Evocations
 16143 | Lair:5   | Reached XP level 14. HP: 98/129 MP: 21/21
 17081 | Orc:1    | Entered Level 1 of the Orcish Mines
 17153 | Orc:2    | Entered Level 2 of the Orcish Mines
 17153 | Orc:2    | Found a staircase to the Elven Halls.
 17204 | Orc:2    | Noticed Azrael
 17205 | Orc:2    | Found Seimaxudgh's Antique Weapon Emporium.
 17205 | Orc:2    | Noticed an orc warlord
 17218 | Orc:2    | Killed an orc warlord
 17243 | Orc:2    | Killed Azrael
 17243 | Orc:2    | HP: 5/129 [fire elemental[Azrael] (4)]
 17371 | Orc:2    | Received a gift from Nemelex Xobeh
 17472 | Orc:2    | Found Lonwits's General Store.
 17515 | Orc:2    | Found Camisaut's Antique Armour Shoppe.
 17555 | Orc:2    | Bought a twisted cloak for 256 gold pieces
 17555 | Orc:2    | Identified the +2 cloak of Gravitas {rPois rN+ Regen+
                  | Dex-3} (You bought it in a shop on level 2 of the Orcish
                  | Mines)
 17604 | Orc:2    | Bought a scroll of teleportation for 42 gold pieces
 17604 | Orc:2    | Bought a scroll of identify for 28 gold pieces
 17604 | Orc:2    | Bought a potion of curing for 42 gold pieces
 17604 | Orc:2    | Bought a potion of might for 56 gold pieces
 17633 | Orc:2    | Received a gift from Nemelex Xobeh
 17727 | Orc:2    | Found Quamasomock's Book Shoppe.
 17964 | Orc:2    | Noticed an orc warlord
 17984 | Orc:2    | Killed an orc warlord
 17991 | Orc:2    | Reached skill level 15 in Armour
 18086 | Orc:2    | Received a gift from Nemelex Xobeh
 18415 | Orc:1    | Noticed an orc warlord
 18429 | Orc:1    | Killed an orc warlord
 18429 | Orc:1    | Paralysed by an orc sorcerer for 3 turns
 18646 | Orc:1    | Received a gift from Nemelex Xobeh
 18846 | D:12     | Found a frozen archway.
 18932 | IceCv    | Entered an ice cave
 19076 | IceCv    | Reached XP level 15. HP: 126/134 MP: 22/22
 19714 | D:12     | Received a gift from Nemelex Xobeh
 19750 | D:12     | You fall into a shaft and drop 3 floors!
 19750 | D:15     | Entered Level 15 of the Dungeon
 19766 | D:15     | Reached ****** piety under Nemelex Xobeh
 19907 | D:14     | Received a gift from Nemelex Xobeh
 20169 | D:12     | Received a gift from Nemelex Xobeh
 20804 | D:13     | Reached skill level 15 in Shields
 20921 | D:13     | Received a gift from Nemelex Xobeh
 21671 | D:14     | Paralysed by a hornet for 3 turns
 21927 | D:14     | Received a gift from Nemelex Xobeh
 22147 | D:14     | Found a gate to the Vaults.
 22579 | D:15     | Found a staircase to the Depths.
 22613 | D:15     | Paralysed by an ogre mage for 2 turns
 23126 | Swamp:1  | Entered Level 1 of the Swamp
 23143 | Swamp:1  | Upgraded the game from 0.30.0-10-gfe55d96785 to
                  | 0.30.0-17-ge0270778cf
 23145 | Swamp:1  | Received a gift from Nemelex Xobeh
 23226 | Swamp:1  | Reached XP level 16. HP: 143/143 MP: 23/23
 23407 | Swamp:1  | Received a gift from Nemelex Xobeh
 23820 | Swamp:2  | Noticed Donald
 23834 | Swamp:2  | Killed Donald
 23985 | Swamp:2  | Found a large runed translucent door.
 23986 | Swamp:2  | Found a large runed translucent door.
 24003 | Swamp:2  | Noticed avis's ghost (journeyman HOMo)
 24003 | Swamp:2  | Found the +8 autumn katana {manifold assault}
 24078 | Swamp:2  | Killed avis's ghost
 24120 | Swamp:2  | Noticed Mlioglotl
 24141 | Swamp:2  | Killed Mlioglotl
 24832 | Swamp:3  | Received a gift from Nemelex Xobeh
 24837 | Swamp:3  | Identified the ring "Myokle" {Fly rC++ Int+4 Slay-6}
 25446 | Swamp:4  | Entered Level 4 of the Swamp
 25646 | Swamp:4  | Noticed Aizul
 25666 | Swamp:4  | Killed Aizul
 25836 | Swamp:4  | Paralysed by a fenstrider witch for 2 turns
 25981 | Swamp:4  | Reached skill level 15 in Invocations
 26149 | Swamp:4  | Reached XP level 17. HP: 117/150 MP: 28/28
 26205 | Swamp:4  | Identified the +1 spear "Uthred Engy" {freeze, *Rage rPois
                  | Str-4 Int+5}
 26209 | Swamp:4  | Got a decaying rune of Zot
 26283 | Swamp:4  | Received a gift from Nemelex Xobeh
 26336 | Swamp:4  | Noticed Mara
 26348 | Swamp:4  | Noticed Melum's illusion
 26363 | Swamp:4  | Killed Mara
 26789 | Vaults:1 | Entered Level 1 of the Vaults
 26849 | Vaults:1 | Received a gift from Nemelex Xobeh
 27357 | Vaults:1 | Received a gift from Nemelex Xobeh
 27929 | Vaults:1 | Found Myfay's Assorted Antiques.
 28115 | Vaults:2 | HP: 4/160 [deep troll[an ironbound preserver] (20)]
 28116 | Vaults:2 | Killed from afar by an ironbound thunderhulk

Illustrated notes

Levels and vault maps discovered:
D:1:      giann_horns, layout_basic, serial_bayou_pond_d, minmay_heptomino_h4
D:2:      layout_rooms, ebering_ecumenical_altar_rust, nrook_loot_triangle,
          reono_crystal_passage, nicolae_hexahallways, minivault_24
D:3:      layout_loops_ring, lemuel_tele_altar, vehumet_altar_wand_db,
          corner_web_ring, nrook_uturn, minmay_misc_feat_x,
          minmay_stone_trees_medium
D:4:      layout_loops_ring, nicolae_dithmenos_the_darkroom,
          mainiacjoe_overflow_alcove_4, uniq_grinder, uniq_crazy_yiuf_cottage
D:5:      layout_basic, xom_butterflies
D:6:      layout_basic, mainiacjoe_overflow_chevrons, minmay_temple_entry_trees,
          portal_sewer_entry_f, uniq_eustachio, uniq_edmund
D:7:      layout_basic, abandoned_shop
D:8:      layout_loops_ring, zin_purify, serial_shops,
          nicolae_shop_back_alley_shop
D:9:      layout_basic, serial_glass, glass_columns_a, glass_columns_a,
          item_on_display_a, due_unseen_surprise, feat_on_display
D:10:     layout_roguey, nicolae_hepliaklqana_hazy_memory, trog_butcher_becter,
          david_orc_1_choice, uniq_gastronok, uniq_sonja, uniq_erica
D:11:     layout_loops_ring, david_lair_shrubbed, minmay_variable_closet
D:12:     layout_gridville, portal_ice_cave_entry_imps, special_room
          [special_room_orc]
D:13:     layout_long_grid
D:14:     layout_cave_pools, grunt_vaults_entry_tiered, minivault_24
D:15:     hangedman_depths_entry_civil_slaughter, layout_cave_pools,
          minmay_crystal_room, drop_trap
Temple:   nicolae_temple_god_jail
Lair:1:   layout_cave_pods
Lair:2:   layout_cellular_growth, uniq_harold
Lair:3:   layout_loops_ring, skrybe_swamp_entry_bodies,
          spider_nest_entry_rubble, chequers_serial_rivers_small_b,
          bobbens_dragon_lair_wall
Lair:4:   layout_gridlike, minmay_slime_entry_oklob_open, grunt_megastairs_2,
          uniq_kirke, uniq_nessos
Lair:5:   wormcave, layout_regular_city, guppyfry_lair_end_dragon,
          chequers_serial_rivers_room_a
Swamp:1:  layout_basic_swamp, evilmike_swamp_ruin_house_4,
          infiniplex_staircase_pool
Swamp:2:  nicolae_swamp_tree_isthmus, layout_falls_marsh,
          ebering_ghost_disaster_area, evilmike_swamp_ruin_house_2, uniq_donald,
          uniq_mlioglotl
Swamp:3:  layout_falls_marsh, nicolae_swamp_dense_foliage
Swamp:4:  swamp_basic_johnstein, layout_basic_swamp, swamp_pool5, uniq_mara,
          uniq_aizul
Orc:1:    layout_diamond_mine, minmay_orc_temple_c
Orc:2:    grunt_orc_gardens, layout_caves, grunt_orc_garden, grunt_orc_garden,
          grunt_orc_garden, grunt_orc_garden, basic_altar, minmay_orc_keep,
          uniq_azrael
Vaults:1: st_cross, vaults_dpeg_emergency_exit, nicolae_vaults_asterisk,
          vaults_room_large_hall, ontoclasm_vaults_misaligned,
          vaults_room_corners, nicolae_vaults_double_plus_3, v_misc_28,
          grunt_vaults_focal, vaults_room_hallway, layout_vaults_omnigrid,
          serial_shops, shop_statue
Vaults:2: hangedman_vaults_river_flow, nicolae_vaults_little_squares_6,
          hangedman_vaults_stream, minmay_crypt_entry_simple_statues, v_misc_28,
          v_misc_9, nicolae_vaults_trapezoid_4, st_squares,
          nicolae_vaults_network_barrier, nicolae_vaults_little_squares_3,
          v_pattern_4, nicolae_vaults_tetromino_Z_2, layout_vaults_omnicross

Skill      XL: |  1  2  3  4  5  6  7  8  9 10 11 12 13 14 15 16 17 |
---------------+----------------------------------------------------+-----
Maces & Flails | 3 4 5 6 7 8 9 12 14 | 14.0
Fighting       | 4 8 10 13 | 13.2
Invocations    | 4 10 15 | 15.0
Armour         | 5 10 15 | 15.0
Shields        | 9 10 12 15 | 15.0
Evocations     | 10 | 10.0
Dodging        | |  2.1

Action                     |  1- 3 |  4- 6 |  7- 9 | 10-12 | 13-15 | 16-18 || total
---------------------------+-------+-------+-------+-------+-------+-------++-------
  Melee: Mace              |    50 |       |       |       |       |       ||    50
         Tailslap          |     8 |    17 |    54 |   178 |   423 |   264 ||   944
         Short sword       |    23 |   110 |   254 |       |       |       ||   387
         Whip              |       |       |   106 |   751 |  1779 |  1215 ||  3851
         Punch             |       |       |       |     1 |       |       ||     1
         Unarmed           |       |       |       |       |     1 |       ||     1
         Flail             |       |       |       |       |    67 |    16 ||    83
  Throw: Throwing net      |       |       |     1 |       |       |       ||     1
   Cast: Passwall          |       |       |       |     6 |       |       ||     6
 Invoke: Draw Destruction  |       |       |     2 |    10 |    27 |    18 ||    57
         Draw Escape       |       |       |       |     1 |    10 |     7 ||    18
         Draw Summoning    |       |       |       |     1 |     7 |     8 ||    16
         Triple Draw       |       |       |       |       |     2 |     1 ||     3
         Deal Four         |       |       |       |       |     1 |     2 ||     3
Ability: Evoke Invisibilit |       |       |       |     1 |       |       ||     1
  Evoke: Wand              |       |       |     3 |       |     9 |    14 ||    26
         Box of beasts     |       |       |       |       |     1 |     1 ||     2
         Phial of floods   |       |       |       |       |     2 |       ||     2
         Lightning rod     |       |       |       |       |       |     4 ||     4
         Condenser vane    |       |       |       |       |       |     2 ||     2
    Use: Potion            |       |       |     2 |       |     3 |     6 ||    11
         Scroll            |       |       |       |    13 |     6 |     1 ||    20
   Stab: Invisible         |       |       |       |     1 |       |       ||     1
         Distracted        |       |       |       |       |     1 |     4 ||     5
         Confused          |       |       |       |       |       |     2 ||     2
 Armour: Robe              |     8 |       |       |       |       |       ||     8
         Leather armour    |    21 |       |       |       |       |       ||    21
         Ring mail         |       |    36 |   133 |   134 |     2 |       ||   305
         Acid dragon scale |       |       |       |    74 |   129 |       ||   203
         Plate armour      |       |       |       |    12 |   827 |   599 ||  1438
  Dodge: Dodged            |    27 |    44 |   137 |   195 |   290 |   115 ||   808
  Block: Buckler           |       |       |     4 |       |       |       ||     4
         Kite shield       |       |       |       |       |   892 |   530 ||  1422
